 Dungeon Crawl Stone Soup version 0.31-a0-981-geadf994542 (webtiles) character file.

Game seed: 16326003176295795306

83 AppTheSpectato the Chopper (level 4, -5/42 HPs)
             Began as a Hill Orc Monk on Oct 31, 2023.
             Slain by Pargi (6 damage)
             ... on level 3 of the Dungeon.
             The game lasted 00:03:26 (1733 turns).

AppTheSpectato the Chopper (Hill Orc Monk)          Turns: 1733, Time: 00:03:28

Health: -5/42      AC:  3    Str: 15    XL:     4   Next: 44%
Magic:  4/4        EV: 12    Int: 10    God:
Gold:   98         SH:  0    Dex: 13    Spells: 3/3 levels left

rFire   . . .        a - +0 hand axe
rCold   . . .        d - orb {light}
rNeg    . . .        b - +0 robe
rPois   .            k - +0 helmet
rElec   .            (no cloak)
rCorr   .            (no gloves)
SInv    .            (no boots)
Will    .....        (no amulet)
Stlth   +            i - ring of flight
HPRegen 0.27/turn    (no ring)
MPRegen 0.09/turn

%: no passive effects
@: about to teleport, flying, glowing
A: no striking features
a: no special abilities


You were on level 3 of the Dungeon.
You visited 1 branch of the dungeon, and saw 3 of its levels.

You collected 98 gold pieces.

Inventory:

Hand Weapons
 a - a +0 hand axe (weapon)
Armour
 b - a +0 robe (worn)
 d - an orb of light (worn)
 k - a +0 helmet (worn)
Jewellery
 i - a ring of flight (left hand)
 o - an amulet of reflection
Scrolls
 l - a scroll of enchant weapon {unknown}
 m - a scroll of poison {unknown}
Potions
 f - a potion of berserk rage {unknown}
 h - a potion of resistance {unknown}
 j - a potion of brilliance {unknown}
 n - a potion of invisibility {unknown}


   Skills:
 + Level 5.0 Fighting
 + Level 5.5 Axes
 - Level 2.4 Dodging


You had 3 spell levels left.
You didn't know any spells.
Your spell library contained the following spells:

 Spells                   Type           Power      Damage    Failure   Level
 Sandblast                Erth           0%         2d4       36%         1
 Passwall                 Tmut/Erth      0%         N/A       50%         2
 Stone Arrow              Conj/Erth      0%         3d7       75%         3
 Brom's Barrelling Bould  Conj/Erth      0%         2d3       98%         4
 Fireball                 Conj/Fire      0%         3d3       100%        5
 Iskenderun's Battlesphe  Conj           0%         2d6       100%        5
 Conjure Ball Lightning   Conj/Air       0%         3x3d6     100%        6
 Orb of Destruction       Conj           0%         9d5       100%        7


Dungeon Overview and Level Annotations

Branches:
Dungeon (3/15)

Altars:
Zin

Shops:
D:2 [

Annotations:
D:3 Pargi


Message History

Pargi is moderately wounded.
You hit the worm. Pargi bites you. Pargi misses you.
Pargi claws you but does no damage. The worm closely misses you.
You hit Pargi but do no damage.
Pargi is moderately wounded.
You hit the worm. Pargi bites you.
* * * LOW HITPOINT WARNING * * *
Pargi claws you.
* * * LOW HITPOINT WARNING * * *
Pargi claws you.
* * * LOW HITPOINT WARNING * * *
Okay, then.
You are confused.
You feel invigorated. The worm barely misses you. Pargi bites you.
* * * LOW HITPOINT WARNING * * *
Pargi claws you but does no damage. Pargi claws you.
* * * LOW HITPOINT WARNING * * *
The dart slug launches a dart at you. The slug dart hits you.
* * * LOW HITPOINT WARNING * * *
You feel better.
You feel less invigorated. Pargi closely misses you.
Pargi claws you but does no damage. Pargi closely misses you.
You barely miss Pargi.
Pargi is lightly wounded.
You hit the dart slug. You hit the worm. The dart slug launches a dart at you.
The slug dart hits you.
* * * LOW HITPOINT WARNING * * *
The worm bites you but does no damage.
Pargi pleads, "Don't hit me!"
Pargi bites you!
* * * LOW HITPOINT WARNING * * *
Pargi closely misses you. Pargi claws you but does no damage.
As you read the scroll of teleportation, it crumbles to dust.
You feel strangely unstable. The dart slug launches a dart at you.
The slug dart hits you.
* * * LOW HITPOINT WARNING * * *
Pargi bites you.
You die...

#....)...#
#.........
#.......#
##.......##
#.....?...#
#>........#
#......T..#
#....w@.#
#.....w.#
#.#...#.#
..... ..
###... ###
####


You could see Pargi, a worm and a dart slug.

Vanquished Creatures
  An orc wizard (D:2)
  An adder (D:2)
  A worm (D:2)
  3 dart slugs (D:1)
  4 orcs (D:2)
  4 bats
  2 endoplasms
  2 goblins (D:1)
  5 hobgoblins (D:2)
  3 jackals (D:1)
  2 quokkas
  3 ball pythons
  3 frilled lizards
  2 kobolds (D:1)
  2 rats
38 creatures vanquished.

Notes
Turn   | Place    | Note
-------+----------+-------------------------------------------
     0 | D:1      | AppTheSpectato the Hill Orc Monk began the quest for the
                  | Orb.
     0 | D:1      | Reached XP level 1. HP: 19/19 MP: 1/1
   160 | D:1      | Reached XP level 2. HP: 10/27 MP: 2/2
   620 | D:1      | Reached XP level 3. HP: 32/33 MP: 3/3
  1097 | D:2      | Found a glowing silver altar of Zin.
  1133 | D:2      | Reached skill level 5 in Axes
  1189 | D:2      | Reached XP level 4. HP: 13/41 MP: 4/4
  1195 | D:2      | Reached skill level 5 in Fighting
  1325 | D:2      | Found Nyxtoroh's Armour Shop.
  1720 | D:3      | Noticed Pargi
  1730 | D:3      | HP: 1/42 [dart slug/slug dart (4)]
  1733 | D:3      | Slain by Pargi

Illustrated notes

Levels and vault maps discovered:
D:1:      dpeg_arrival_line_fractal, layout_loops_ring, serial_forest,
          infiniplex_forest_lined_3, infiniplex_forest_lined_2,
          infiniplex_forest_lined_room_, infiniplex_forest_end_3,
          infiniplex_forest_lined_3, infiniplex_forest_clump_diagonal
D:2:      layout_loops_ring, serial_shops, shop, basic_altar, st_stairs_11
D:3:      layout_loops_ring, chei_slow_surprise, hellmonk_ghost_happy_afterlife,
          uniq_pargi

Skill      XL: |  1  2  3  4 |
---------------+-------------+-----
Fighting       | 4 5 |  5.0
Axes           | 5 |  5.5
Dodging        | |  2.4

Action                     |  1- 3 |  4- 6 || total
---------------------------+-------+-------++-------
  Melee: Hand axe          |    86 |    25 ||   111
    Use: Scroll            |     5 |     1 ||     6
         Potion            |       |     2 ||     2
 Armour: Robe              |    45 |    36 ||    81
  Dodge: Dodged            |    50 |    30 ||    80

Table legend: (Time is in decaauts)
 A = Elapsed time spent in this place.
 B = Non-inter-level travel time spent in this place.
 C = Inter-level travel time spent in this place.
 D = Time resting spent in this place.
 E = Time spent auto-exploring this place.
 F = Levels seen in this place.
 G = Mean time per level.
                   A        B        C        D        E       F      G
               +--------+--------+--------+--------+--------+-----+--------+
         Total |   1737 |   1645 |     92 |    186 |   1213 |   3 |  579.0 |
       Dungeon |   1737 |   1645 |     92 |    186 |   1213 |   3 |  579.0 |
               +--------+--------+--------+--------+--------+-----+--------+

Top non-repeatable levels by time:
     D:2: 886 daAuts
     D:1: 838 daAuts
     D:3: 12 daAuts
